 Dungeon Crawl Stone Soup version 0.31.0-12-g77e489cdc1 (webtiles) character file.

Game seed: 8271044086494205918

99 Killerpretzel the Changeling (level 4, -5/29 HPs)
             Began as an Octopode Shapeshifter on Feb 24, 2024.
             Slain by a phantom (6 damage)
             ... on level 3 of the Dungeon.
             The game lasted 00:02:17 (1635 turns).

Killerpretzel the Changeling (OpSh)                 Turns: 1635, Time: 00:02:18

Health: -5/29      AC:  1    Str: 13    XL:     4   Next: 72%
Magic:  4/4        EV: 13    Int: 12    God:
Gold:   145        SH:  0    Dex: 13    Spells: 3/3 levels left

rFire   . .          .
                       - Unarmed
rCold   . . .        (no shield)
rNeg    . . .        (helmet currently unavailable)
rPois   .            (no amulet)
rElec   .            (no ring)
rCorr   .            (no ring)
SInv    .            (no ring)
Will    .....        (no ring)
Stlth   ++           (no ring)
HPRegen 0.24/turn    (no ring)
MPRegen 0.09/turn    (no ring)
                     (no ring)

%: no passive effects
@: beast-form
A: beast (slay +2), almost no armour, amphibious, 8 rings, camouflage 1,
gelatinous body 1, (nimble swimmer 1), tentacles
a: Begin Untransformation


You were on level 3 of the Dungeon.
You were a hulking beast.
You visited 1 branch of the dungeon, and saw 3 of its levels.

You collected 145 gold pieces.

Inventory:

Missiles
 i - 5 boomerangs (quivered)
Jewellery
 f - a ring of magical power
Talismans
 b - a beast talisman
 c - a flux talisman
Scrolls
 a - a scroll of vulnerability {unknown}
 d - a scroll of identify
 j - 2 scrolls of fog {unknown}
Potions
 e - 2 potions of mutation


   Skills:
 + Level 2.0 Fighting
 + Level 2.7 Dodging
 + Level 3.5 Unarmed Combat
 * Level 3.9 Shapeshifting


You had 3 spell levels left.
You didn't know any spells.
Your spell library contained the following spells:

 Spells                   Type           Power      Damage    Failure   Level
 Slow                     Hex            0%         N/A       32%         1
 Sting                    Conj/Alch      0%         1d3       32%         1
 Ensorcelled Hibernation  Hex/Ice        0%         N/A       45%         2
 Mercury Vapours          Alch/Air       0%         N/A       45%         2
 Confusing Touch          Hex            0%         N/A       69%         3
 Passwall                 Erth           0%         N/A       69%         3
 Sigil of Binding         Hex            0%         N/A       69%         3
 Swiftness                Air            0%         N/A       69%         3
 Vampiric Draining        Necr           0%         2d6       69%         3
 Olgreb's Toxic Radiance  Alch           0%         N/A       97%         4


Dungeon Overview and Level Annotations

Branches:
Dungeon (3/15)

Altars:


Innate Abilities, Weirdness & Mutations

You are a hulking beast.
Your limbs bulge with bestial killing power. (Slay +2)
You cannot wear most types of armour.
You are amphibious.
You can wear up to eight rings at the same time.
Your skin changes colour to match your surroundings (Stealth+).
Your rubbery body absorbs attacks. (AC +1, EV +1)
((You are camouflaged when in or above water. (Stealth+)))
You have tentacles for arms and can constrict up to eight enemies at once.


Message History

The phantom is lightly damaged.
The phantom hits you.
The phantom blinks!
You blink.
You tentacle-slap the phantom.
The phantom is moderately damaged.
The phantom barely misses you.
You miss the phantom.
The phantom is moderately damaged.
The ribbon worm expels a string of sticky webbing.
The stream of webbing hits you but does no damage.
You are caught in a web!
The phantom hits you.
The web tears apart.
The phantom hits you!
The phantom blinks!
You blink.
The orc wizard shouts!
The orc shouts!
You tentacle-slap the phantom.
The phantom is heavily damaged.
The phantom barely misses you.
You tentacle-slap the phantom. Your squeeze misses the phantom.
The phantom is heavily damaged.
The phantom hits you!
* * * LOW HITPOINT WARNING * * *
You barely miss the phantom. Your squeeze misses the phantom.
The phantom is heavily damaged.
The phantom barely misses you.
You tentacle-slap the phantom. Your squeeze misses the phantom.
The phantom is heavily damaged.
The phantom hits you.
* * * LOW HITPOINT WARNING * * *
The phantom blinks!
You blink.
You tentacle-slap the phantom but do no damage.
The phantom is heavily damaged.
The orc barely misses you.
You tentacle-slap the phantom.
The phantom is severely damaged.
The orc barely misses you. The phantom hits you.
* * * LOW HITPOINT WARNING * * *
The orc hits you with a +0 hand axe.
* * * LOW HITPOINT WARNING * * *
You tentacle-slap the phantom. x2; Your squeeze misses the phantom.
The phantom is almost destroyed.
The orc barely misses you. The phantom hits you.
You die...

.#.#+#'####.....................
.#...................###.######.
.###.#.###########.......# #.#.#
#.#.##..# # #.# #####.......# #.#
##.......)..## #.# #...........#
## ######.## ###..W........+..#
#........ ..#...ho......##.# .
.......# #.#...o.......##.# ...
#.#########'#.o.[.......##.#.....
.....#.............?.....§o.....#
#.##.#..........####.#####W#.####
#.##............^....# #.#.####
#.#......w......###### ##.......
#.#......####.#.# #.....###
#.#......####.#.## #.....#


You could see a phantom, a ribbon worm, an orc wizard and 2 orcs.

Vanquished Creatures
  Jessica (D:2)
  An adder (D:3)
  3 dart slugs (D:1)
  2 orcs
  5 endoplasms (D:1)
  3 giant cockroaches
  6 goblins
  6 hobgoblins
  12 kobolds
  2 quokkas (D:1)
  4 ball pythons
  5 bats
  3 frilled lizards (D:1)
53 creatures vanquished.

Notes
Turn   | Place    | Note
-------+----------+-------------------------------------------
     0 | D:1      | Killerpretzel the Octopode Shapeshifter began the quest for
                  | the Orb.
     0 | D:1      | Reached XP level 1. HP: 13/13 MP: 1/1
    98 | D:1      | Reached XP level 2. HP: 15/18 MP: 2/2
   131 | D:1      | Found a faded altar of an unknown god.
   366 | D:1      | Reached XP level 3. HP: 23/23 MP: 3/3
  1146 | D:2      | Noticed Jessica
  1150 | D:2      | Killed Jessica
  1151 | D:2      | Reached XP level 4. HP: 29/29 MP: 4/4
  1451 | D:3      | Noticed a phantom
  1634 | D:3      | HP: 1/29 [orc/+0 hand axe (1)]
  1635 | D:3      | Slain by a phantom

Illustrated notes

Levels and vault maps discovered:
D:1:      dpeg_arrival_ternary, layout_basic, ebering_ecumenical_altar_hall,
          serial_corexii_hall, corexii_hall_statues_l, corexii_hall_statues_l,
          dk_noncrumbling_4, minmay_close_crescents
D:2:      layout_loops_cross, uniq_jessica
D:3:      layout_basic, chequers_mini_garden

Skill      XL: |  1  2  3 |
---------------+----------+-----
Fighting       | 2 |  2.0
Dodging        | |  2.7
Unarmed Combat | |  3.5
Shapeshifting  | |  3.9

Action                     |  1- 3 |  4- 6 || total
---------------------------+-------+-------++-------
  Melee: Unarmed           |    72 |    27 ||    99
         Constrict         |    23 |     3 ||    26
         Tentacles         |     6 |     3 ||     9
         Punch             |     3 |     1 ||     4
  Throw: Boomerang         |       |     4 ||     4
    Use: Scroll            |     1 |     4 ||     5
         Potion            |     1 |     3 ||     4
   Stab: Sleeping          |     6 |     1 ||     7
         Distracted        |     1 |       ||     1
 Armour: Skin              |    28 |    21 ||    49
  Dodge: Dodged            |    38 |    20 ||    58
